 Seeded DCSS version 0.30-a0-364-gf6b3ef1049 (webtiles) character file.

Game seed: 13852480795907283700 (custom seed)

865 purpskrrrp the Covert (level 8, 0/42 HPs)
             Began as a Vine Stalker Brigand on Nov 15, 2022.
             Was a Follower of Dithmenos.
             Killed from afar by an orc wizard (10 damage)
             ... with a puff of flame
             ... on level 6 of the Dungeon.
             The game lasted 00:09:50 (4889 turns).

purpskrrrp the Covert (Vine Stalker Brigand)        Turns: 4889, Time: 00:09:51

Health: 0/42       AC:  4    Str: 15    XL:     8   Next: 3%
Magic:  0/9        EV: 11    Int: 11    God:    Dithmenos [*.....]
Gold:   437        SH:  6    Dex: 17    Spells: 7/7 levels left

rFire   . . .      SeeInvis .    n - +4 double sword (protect)
rCold   . . .      Faith    .    t - +1 buckler {reflect}
rNeg    . . .      Spirit   +    b - +0 robe
rPois   .          Reflect  +    s - +0 helmet
rElec   .          Harm     .    c - +0 cloak
rCorr   .          Rampage  .    (no gloves)
Will    +....                    (no boots)
Stlth   +++++.....               (no amulet)
HPRegen 1.07/turn                (no ring)
MPRegen 0.11/turn                (no ring)

@: wreathed by umbra
A: fangs 3, regeneration 1, magic shield, antimagic bite, no potion heal 2
a: Renounce Religion


You were on level 6 of the Dungeon.
You worshipped Dithmenos.
Dithmenos was aware of your devotion.
You visited 2 branches of the dungeon, and saw 7 of its levels.
You also visited: Sewer.

You collected 437 gold pieces.

Inventory:

Hand Weapons
 a - a +2 dagger
 n - a +4 double sword of protection (weapon)
Missiles
 d - 18 poisoned darts
 e - 3 curare-tipped darts
Armour
 b - a +0 robe (worn)
 c - a +0 cloak (worn)
 s - a +0 helmet (worn)
 t - a +1 buckler of reflection (worn)
Wands
 k - a wand of flame (38)
 l - a wand of acid (9)
 x - a wand of digging (3)
Scrolls
 f - 2 scrolls of teleportation
 g - 4 scrolls of butterflies
 o - 3 scrolls of amnesia
 r - a scroll of noise
Potions
 h - 2 potions of attraction
 i - 2 potions of curing {unknown}
 j - 2 potions of brilliance
 m - a potion of invisibility {unknown}
 p - 2 potions of magic
 q - a potion of lignification {unknown}
 u - 2 potions of flight
 v - a potion of haste {unknown}
 w - 3 potions of heal wounds


   Skills:
 + Level 3.7 Fighting
 - Level 1.7(2.9) Short Blades
 + Level 3.4(3.7) Long Blades
 - Level 1.7 Throwing
 - Level 0.7 Dodging
 + Level 8.9 Stealth
 + Level 3.1 Shields


You had 7 spell levels left.
You didn't know any spells.
Your spell library contained the following spells:

 Spells                   Type           Power      Damage    Failure   Level
 Apportation              Tloc           0%         N/A       43%         1
 Beastly Appendage        Tmut           0%         N/A       43%         1
 Necrotise                Necr           0%         1d4       43%         1
 Sandblast                Erth           0%         2d4       43%         1
 Summon Small Mammal      Summ           0%         N/A       43%         1
 Cigotuvi's Dreadful Rot  Necr/Pois/Air  0%         N/A       56%         2
 Passwall                 Tmut/Erth      0%         N/A       56%         2
 Wereblood                Tmut           0%         N/A       56%         2
 Spider Form              Tmut/Pois      0%         N/A       80%         3
 Stone Arrow              Conj/Erth      0%         3d7       80%         3
 Cause Fear               Hex            0%         N/A       99%         4
 Dispel Undead            Necr           0%         3d6       99%         4
 Death Channel            Necr           0%         N/A       100%        6
 Dragon Form              Tmut           0%         N/A       100%        7
 Dragon's Call            Summ           0%         N/A       100%        9


Dungeon Overview and Level Annotations

Branches:
Dungeon (6/15)             Temple (1/1) D:4           Sewer (visited)

Altars:
Ashenzari
Cheibriados
Dithmenos
Fedhas
Gozag
Kikubaaqudgha
Makhleb
Nemelex Xobeh
Okawaru
Qazlal
Sif Muna
Trog
Uskayaw
Vehumet
Wu Jian
Xom
Yredelemnul
The Shining One

Shops:
D:1 !   D:4 =


Innate Abilities, Weirdness & Mutations

You have razor-sharp teeth.
Your natural rate of healing is unusually fast.
When hurt, damage is shared between your health and your magic reserves.
Your bite disrupts and absorbs the magic of your enemies.
Potions cannot restore your health.


Message History

The magic dart hits you. The orc closely misses you. Something hits you.
You miss something. Your bite misses something.
Something hits you but does no damage.
The orc hits you from afar with a +0 trident.
You hear some strange, mumbled words.
A puff of flame appears from out of thin air!
The puff of flame hits you. The orc completely misses you.
You hear some strange, mumbled words.
A puff of flame appears from out of thin air!
The puff of flame hits you! Something hits you.
You are too injured to fight recklessly!
You are too injured to fight recklessly!
You are too injured to fight recklessly!
You are too injured to fight recklessly!
You are too injured to fight recklessly!
You are too injured to fight recklessly!
You are too injured to fight recklessly!
You are too injured to fight recklessly!
You are too injured to fight recklessly!
You are too injured to fight recklessly!
You are too injured to fight recklessly!
You are too injured to fight recklessly!
You are too injured to fight recklessly!
You are too injured to fight recklessly!
You are too injured to fight recklessly!
You are too injured to fight recklessly!
You are too injured to fight recklessly!
You are too injured to fight recklessly!
You are too injured to fight recklessly!
Something hits you.
You closely miss something.
You hear some strange, mumbled words.
A magic dart appears from out of thin air!
The magic dart hits you.
The orc hits you from afar with a +0 trident.
* * * LOW HITPOINT WARNING * * *
You hear some strange, mumbled words.
A puff of flame appears from out of thin air!
The puff of flame hits you!
You die...

..# ##.# .# #..# .
...###..#####...
......)#....... .
#..).)...# ..
#.#{o####..# ##..#
#{###
###.##..####@#.#
##..##....#....#
##†...##.#.....##
#.†.#..##.....##
##.†#....#...#.#
##...##.<......#
#.....#.......##
##..#...(.......#
#...##...##.....##


You could see an orc.

Vanquished Creatures
  An ice beast (D:6)
  An ogre (D:4)
  2 kobold brigands (Sewer)
  A bullfrog (D:6)
  A jelly (D:5)
  A howler monkey (D:5)
  3 hounds (D:4)
  2 iguanas (D:5)
  3 orc wizards
  A river rat (Sewer)
  5 adders
  A shadow imp (D:5)
  2 white imps (D:5)
  2 ufetubi (D:5)
  3 worms
  2 dart slugs
  11 orcs
  5 endoplasms
  7 giant cockroaches
  7 hobgoblins
  6 jackals
  9 kobolds
  5 quokkas
  3 ball pythons (D:2)
  7 bats
  2 frilled lizards (D:3)
  7 goblins
  11 rats
111 creatures vanquished.

Notes
Turn   | Place    | Note
-------+----------+-------------------------------------------
     0 | D:1      | purpskrrrp the Vine Stalker Brigand began the quest for the
                  | Orb.
     0 | D:1      | Reached XP level 1. HP: 11/11 MP: 2/2
    89 | D:1      | Reached skill level 5 in Stealth
   165 | D:1      | Reached XP level 2. HP: 15/15 MP: 3/3
   490 | D:1      | Found Nuqov's Distillery.
  1001 | D:2      | Reached skill level 6 in Stealth
  1011 | D:2      | Reached XP level 3. HP: 13/18 MP: 2/4
  1798 | D:3      | Gained mutation: Your natural rate of healing is unusually
                  | fast. [Vine Stalker growth]
  1798 | D:3      | Reached XP level 4. HP: 23/23 MP: 5/5
  1901 | D:3      | Reached skill level 7 in Stealth
  2031 | D:3      | Identified a scroll of acquirement
  2031 | D:3      | Acquired a +3 double sword of protection
  2184 | D:3      | Reached skill level 1 in Long Blades
  2655 | D:4      | Noticed an ogre
  2659 | D:4      | Killed an ogre
  2660 | D:4      | Reached skill level 1 in Shields
  2660 | D:4      | Reached XP level 5. HP: 21/26 MP: 4/6
  2709 | D:4      | Found Vueg's Jewellery Boutique.
  2717 | D:4      | Reached XP level 6. HP: 30/30 MP: 7/7
  2943 | D:4      | Found a glowing golden altar of the Shining One.
  3098 | D:4      | Found a staircase to the Ecumenical Temple.
  3121 | Temple   | Entered the Ecumenical Temple
  3317 | Temple   | Became a worshipper of Dithmenos the Shadowed
  3600 | D:5      | Entered Level 5 of the Dungeon
  3753 | D:5      | Reached skill level 8 in Stealth
  3911 | D:5      | Reached XP level 7. HP: 35/35 MP: 6/8
  4593 | D:6      | Found a glowing drain.
  4633 | Sewer    | Entered a sewer
  4729 | Sewer    | Found a white marble altar of Elyvilon.
  4839 | D:6      | Reached * piety under Dithmenos
  4840 | D:6      | Gained mutation: You have razor-sharp teeth. [Vine Stalker
                  | growth]
  4840 | D:6      | Reached XP level 8. HP: 42/42 MP: 9/9
  4889 | D:6      | Killed from afar by an orc wizard

Illustrated notes

Levels and vault maps discovered:
D:1:      sevenhm_arrival_forest_fort_large_2, layout_basic, serial_shops,
          shop_statue, minmay_misc_feat_rugged, kennysheep_nondescript,
          st_stairs_12
D:2:      layout_loops_ring
D:3:      layout_rooms
D:4:      layout_basic, nicolae_tso_carved_into_rock,
          minmay_temple_entry_offerings, serial_shops, nicolae_diamond_shop
D:5:      layout_loops_corners, nrook_campfire
D:6:      layout_layer_cave, mainiacjoe_overflow_divided_tiny,
          ebering_ghost_gozag, portal_sewer_entry_f,
          hangedman_decor_diamond_cutter, uniq_maggie
Temple:   nicolae_temple_bog_church

Skill      XL: |  1  2  3  4  5  6  7 |
---------------+----------------------+-----
Stealth        | 5 6 7 8 |  8.9
Long Blades    | 1 2 3 |  3.4
Fighting       | 2 3 |  3.7
Shields        | 1 2 3 |  3.1
Short Blades   | |  1.7
Throwing       | |  1.7
Dodging        | |  0.7

Action                   |  1- 3 |  4- 6 |  7- 9 || total
-------------------------+-------+-------+-------++-------
Melee: Dagger            |    90 |     5 |       ||    95
       Bite              |    28 |    11 |    17 ||    56
       Punch             |     2 |     1 |       ||     3
       Double sword      |       |    56 |    75 ||   131
Throw: Dart              |    10 |       |       ||    10
  Use: Scroll            |     3 |     6 |     2 ||    11
       Potion            |     1 |       |       ||     1
 Stab: Sleeping          |     9 |    10 |     7 ||    26
       Distracted        |     1 |       |       ||     1
Armor: Robe              |    11 |    33 |    32 ||    76
Dodge: Dodged            |    39 |    40 |    52 ||   131
Block: Buckler           |       |     7 |    23 ||    30

Table legend: (Time is in decaauts)
 A = Elapsed time spent in this place.
 B = Non-inter-level travel time spent in this place.
 C = Inter-level travel time spent in this place.
 D = Time resting spent in this place.
 E = Time spent auto-exploring this place.
 F = Levels seen in this place.
 G = Mean time per level.
                   A        B        C        D        E       F      G
               +--------+--------+--------+--------+--------+-----+--------+
         Total |   4978 |   4660 |    318 |    229 |   3498 |   8 |  622.2 |
       Dungeon |   4553 |   4274 |    279 |    229 |   3238 |   6 |  758.8 |
        Temple |    209 |    170 |     39 |      0 |    150 |   1 |  209.0 |
         Sewer |    215 |    215 |      0 |      0 |    110 |   1 |  215.0 |
               +--------+--------+--------+--------+--------+-----+--------+

Top non-repeatable levels by time:
     D:1: 1007 daAuts
     D:5: 979 daAuts
     D:2: 863 daAuts
     D:4: 845 daAuts
     D:3: 687 daAuts
   Sewer: 215 daAuts
  Temple: 209 daAuts
     D:6: 169 daAuts
